 Dungeon Crawl Stone Soup version 0.20.0 (webtiles) character file.

972 Sergey the Frost Mage (level 8, -13/61 HPs)
             Began as a Gargoyle Ice Elementalist on June 11, 2017.
             Mangled by a white ugly thing (34 damage)
             ... on level 6 of the Dungeon.
             The game lasted 00:26:14 (4891 turns).

Sergey the Frost Mage (Gargoyle Ice Elementalist)   Turns: 4891, Time: 00:26:15

Health: -13/61     AC: 24    Str: 17 (18) XL:     8   Next: 16%
Magic:  13/18      EV:  2    Int: 15 (17) God:
Gold:   199        SH:  0    Dex:  8 (10) Spells: 14/21 levels left

rFire    . . .     SeeInvis .   i - +0 dagger (protect)
rCold    . . .     Gourm    .   (no shield)
rNeg     + + +     Faith    .   (armour currently unavailable)
rPois    ∞         Spirit   .   (helmet currently unavailable)
rElec    .         Reflect  .   (cloak currently unavailable)
rCorr    .         Harm     .   (gloves currently unavailable)
MR       +....     NoTele   +   (boots currently unavailable)
Stlth    +.........             (no amulet)
Regen    0.2/turn               (no ring)
MPRegen  0.2/turn               (no ring)

@: confused, mighty, tree-form (expiring), very slightly contaminated, hasted,
very quick
A: magic resistance 1, negative energy resistance 1, petrification resistance,
rot immunity, AC +5
a: no special abilities


You were on level 6 of the Dungeon.
You were near starving.
You were a tree.
You visited 1 branch of the dungeon, and saw 6 of its levels.

You collected 199 gold pieces.

Inventory:

Hand Weapons
 d - a +0 whip
 i - a +0 dagger of protection (weapon)
Missiles
 r - 2 tomahawks (quivered)
Armour
 a - a +0 robe (melded)
 h - a +0 scale mail
 s - a +0 pair of gloves (melded)
Scrolls
 g - 4 scrolls of remove curse
 j - 2 scrolls of amnesia
 o - 4 scrolls of identify
Potions
 n - 2 potions of lignification
 A - a potion of might
Books
 b - a book of Frost

   Spells                             Type                      Level
   a - Freeze                         Ice                          1
   b - Throw Frost                    Conjuration/Ice              2
   c - Ozocubu's Armour               Charms/Ice                   3
   d - Throw Icicle                   Conjuration/Ice              4
   e - Summon Ice Beast               Ice/Summoning                4
 y - a book of Geomancy

   Spells                             Type                      Level
   a - Sandblast                      Earth                        1
   b - Passwall                       Transmutation/Earth          2
   c - Stone Arrow                    Conjuration/Earth            3
   d - Petrify                        Transmutation/Earth          4
   e - Lee's Rapid Deconstruction     Earth                        5
Comestibles
 c - 6 bread rations
 l - 7 fruits
 q - 2 meat rations
 z - a royal jelly


   Skills:
 - Level 1.5 Dodging
 - Level 2.1 Stealth
 + Level 7.0 Spellcasting
 + Level 7.5 Conjurations
 * Level 10.5 Ice Magic


You had 14 spell levels left.
You knew the following spells:

 Your Spells              Type           Power        Failure   Level  Hunger
a - Freeze                Ice            ####         1%          1    None
b - Throw Frost           Conj/Ice       ####..       1%          2    None
c - Throw Icicle          Conj/Ice       ####....     3%          4    ####...


Dungeon Overview and Level Annotations

Branches:
Dungeon (6/15)
 Temple: D:4-7

Altars:

Shops:
D:5 }   D:6 [


Innate Abilities, Weirdness & Mutations

You are resistant to torment.
((Your stone body is resilient. (AC +5)))
You are immune to poison.
You resist negative energy. (rN+)
((You are resistant to electric shocks. (rElec)))
((You can survive without breathing.))
You are immune to petrification.
You are immune to rotting.
((You have a pair of small antennae on your head.))
You are resistant to hostile enchantments. (MR+)


Message History

* * * LOW HITPOINT WARNING * * *
You are near starving!
The wight hits you but does no damage.
The bullfrog hits you but does no damage.
You feel better.
The white ugly thing stings you but does no damage.
The orc warrior hits you but does no damage.
The bullfrog hits you but does no damage.
A quokka and a worker ant come into view.
You are confused.
You feel invigorated. The wight hits you but does no damage.
The white ugly thing stings you but does no damage.
The orc warrior hits you with a short sword.
The bullfrog hits you.
You swing at nothing.
The wight hits you but does no damage.
The bullfrog hits you but does no damage.
You swing at nothing.
The white ugly thing stings you. The white ugly thing freezes you!!
Ouch! That really hurt!
You die...

.##### ######F#§.......#
#....####### #.#........#
...........# #%#........#
#....#####.####.#........#
#....# #......#.#........#
#....# #.....<#§#........#
#....# #......#§#gS......#
#....# #......#§#Fo......#
#....# #......#§♣u{g.....#
#.... #......###oz..a...#
.........h.hg.......
#######.....#.#.###.
.....(......#.#
..#...#.#r#...#
#####.#.......#
#....#........
#....#......##


You could see a white ugly thing, an orc warrior, a bullfrog, a hound, a worker
ant, a wight, 3 gnolls, an adder (inner flame), an orc and a quokka.

Vanquished Creatures
  A black bear (D:6)
  An ogre (D:3)
  A bullfrog (D:6)
  A howler monkey (D:6)
  A jelly (D:5)
  An orc wizard (D:4)
  2 worker ants
  A hound skeleton (D:5)
  A worker ant zombie (D:6)
  3 gnolls (D:2)
  4 adders
  3 oozes
  4 worms
  2 dart slugs
  5 leopard geckos
  6 orcs
  A ball python (D:2)
  5 giant cockroaches
  13 goblins
  7 hobgoblins
  3 jackals (D:2)
  3 quokkas
  3 bats (D:2)
  8 frilled lizards
  7 kobolds
  8 rats
95 creatures vanquished.

Notes
Turn   | Place    | Note
-------+----------+-------------------------------------------
     0 | D:1      | Sergey the Gargoyle Ice Elementalist began the quest for the Orb.
     0 | D:1      | Reached XP level 1. HP: 10/10 MP: 3/3
    87 | D:1      | Reached XP level 2. HP: 12/15 MP: 3/5
   689 | D:1      | Reached XP level 3. HP: 19/19 MP: 7/7
   988 | D:2      | Learned a level 2 spell: Throw Frost
  1269 | D:2      | Reached skill level 4 in Ice Magic
  1369 | D:2      | Reached XP level 4. HP: 24/24 MP: 3/8
  1785 | D:2      | Reached XP level 5. HP: 8/28 MP: 3/9
  2422 | D:3      | Noticed an ogre
  3115 | D:3      | Killed an ogre
  3115 | D:3      | Reached skill level 5 in Ice Magic
  3115 | D:3      | Reached XP level 6. HP: 22/32 MP: 1/11
  4089 | D:4      | Noticed a phantom
  4168 | D:5      | Entered Level 5 of the Dungeon
  4320 | D:5      | Learned a level 4 spell: Throw Icicle
  4482 | D:5      | Found Ananuawa's Gadget Shoppe.
  4605 | D:5      | Noticed a phantom
  4666 | D:5      | Noticed an ice beast
  4727 | D:6      | Found Boral's Armour Emporium.
  4840 | D:6      | Noticed a black bear
  4864 | D:6      | Noticed an orc warrior
  4868 | D:6      | Noticed a white ugly thing
  4872 | D:6      | Gained mutation: You are resistant to hostile enchantments. (MR+) [potion of mutation]
  4872 | D:6      | Gained mutation: You have a pair of small antennae on your head. [potion of mutation]
  4873 | D:6      | Reached skill level 10 in Ice Magic
  4873 | D:6      | Reached XP level 7. HP: 36/36 MP: 12/17
  4885 | D:6      | Reached XP level 8. HP: 15/41 MP: 9/18
  4891 | D:6      | Mangled by a white ugly thing

Skill      XL: |  1  2  3  4  5  6 |
---------------+-------------------+-----
Spellcasting   | 3 7 |  7.0
Ice Magic      | 4 5 10 | 10.5
Conjurations   | 2 7 |  7.5
Dodging        | |  1.5
Stealth        | |  2.1

Action                   |  1- 3 |  4- 6 |  7- 9 || total
-------------------------+-------+-------+-------++-------
Melee: Whip              |    15 |       |       ||    15
       Dagger            |   134 |   188 |     8 ||   330
Throw: Tomahawk          |       |     8 |       ||     8
 Cast: Freeze            |    18 |    66 |       ||    84
       Throw Frost       |     1 |    47 |       ||    48
       Throw Icicle      |       |       |     3 ||     3
  Use: Potion            |       |     9 |     3 ||    12
       Scroll            |       |     7 |       ||     7
 Stab: Sleeping          |     2 |     3 |       ||     5
       Distracted        |       |     1 |       ||     1
  Eat: Chunk             |     2 |    12 |       ||    14
Armor: Robe              |    64 |    96 |       ||   160
       Skin              |       |    29 |    58 ||    87
Dodge: Dodged            |   104 |   144 |     8 ||   256
